 Dungeon Crawl Stone Soup version 0.25-a0-290-g4a1327ee3a (webtiles) character file.

Game seed: 500076972627428186, levelgen mode: deterministic

105 FessEmpty the Skirmisher (level 4, 29/29 HPs)
             Began as a Gargoyle Berserker on Dec 13, 2019.
             Was a Believer of Trog.
             Got out of the dungeon alive.
             The game lasted 00:03:28 (1966 turns).

FessEmpty the Skirmisher (Gargoyle Berserker)       Turns: 1966, Time: 00:03:29

Health: 29/29      AC:  7    Str: 22    XL:     4   Next: 83%
Magic:  4/4        EV: 12    Int:  7    God:    Trog [**....]
Gold:   104        SH:  0    Dex:  9    Spells: 3/3 levels left

rFire    . . .     SeeInvis .   a - +0 mace
rCold    . . .     Gourm    .   (no shield)
rNeg     + . .     Faith    .   b - +0 animal skin
rPois    ∞         Spirit   .   o - +2 hat
rElec    +         Reflect  .   (no cloak)
rCorr    .         Harm     .   (no gloves)
MR       .....                  (no boots)
Stlth    +.........             (no amulet)
HPRegen  0.09/turn              (no ring)
MPRegen  0.09/turn              (no ring)

@: no status effects
A: negative energy resistance 1, electricity resistance, unbreathing,
petrification resistance, rot immunity, AC +3
a: Berserk, Trog's Hand, Renounce Religion


You escaped.
You worshipped Trog.
Trog was pleased with you.
You were not hungry.

You visited 1 branch of the dungeon, and saw 2 of its levels.

You collected 104 gold pieces.

Inventory:

Hand Weapons
 a - a +0 mace (weapon)
Armour
 b - a +0 animal skin (worn)
 o - a +2 hat (worn)
Jewellery
 h - a cursed -6 ring of dexterity {unknown}
Scrolls
 g - 2 scrolls of enchant armour {unknown}
 i - 2 scrolls of teleportation {unknown}
 k - a scroll of blinking {unknown}
 m - a scroll of magic mapping {unknown}
 n - a scroll of remove curse {unknown}
Potions
 e - a potion of brilliance {unknown}
 f - a potion of degeneration {unknown}
 j - a potion of invisibility {unknown}
 l - a potion of mutation {unknown}
Comestibles
 c - 7 rations
 d - 3 chunks of flesh


   Skills:
 + Level 4.2 Fighting
 + Level 3.8 Maces & Flails
 + Level 3.3 Armour
 - Level 2.0 Dodging


You had 3 spell levels left.
You didn't know any spells.
Your spell library was empty.

Dungeon Overview and Level Annotations

Branches:
Dungeon (2/15)

Altars:
Ashenzari
Makhleb
Okawaru


Innate Abilities, Weirdness & Mutations

You are resistant to torment.
Your stone body is resilient. (AC +3)
You are immune to poison.
You resist negative energy. (rN+)
You are resistant to electric shocks. (rElec)
You can survive without breathing.
You are immune to petrification.
You are immune to rotting.


Message History

The jackal bites you but does no damage.
You closely miss the jackal.
The jackal bites you but does no damage.
The jackal barely misses you.
You hit the jackal.
You kill the jackal!
Trog accepts your kill.
No target in view!
A jackal comes into view.
You see here a goblin corpse.
The jackal barks!
The jackal bites you but does no damage.
You closely miss the jackal. The jackal barely misses you.
The jackal bites you but does no damage.
You thump the jackal!
You kill the jackal!
Trog accepts your kill.
No target in view!
You butcher the jackal corpse.
d - 6 chunks of flesh (gained 2)
You see here a jackal skeleton. x2
Some of the chunks of flesh in your inventory have rotted away.
You butcher the goblin corpse.
d - 7 chunks of flesh (gained 2)
You see here a goblin skeleton. x2
You open the door.
Found a shattered altar of Ashenzari.
No target in view!
There is an open door here.
You open the door.
A kobold comes into view. It is wielding a +0 dagger.
There is an open door here.
The kobold closely misses you.
You thump the kobold!
You kill the kobold!
Trog accepts your kill.
No target in view!
Things that are here:
a +0 dagger; a kobold corpse
Found a stone staircase leading down.
A leopard gecko comes into view.
A leopard gecko is nearby!
The leopard gecko hisses angrily.
The leopard gecko closely misses you.
The leopard gecko bites you but does no damage.
You hit the leopard gecko.
The leopard gecko is severely wounded.
The leopard gecko barely misses you.
You miss the leopard gecko.
The leopard gecko is severely wounded.
The leopard gecko bites you but does no damage.
You miss the leopard gecko.
The leopard gecko is severely wounded.
The leopard gecko barely misses you.
The leopard gecko bites you but does no damage.
You barely miss the leopard gecko.
The leopard gecko is severely wounded.
The leopard gecko closely misses you.
Some of the chunks of flesh in your inventory have rotted away.
You hit the leopard gecko.
The leopard gecko is almost dead.
The leopard gecko closely misses you. The leopard gecko barely misses you.
You closely miss the leopard gecko.
The leopard gecko is severely wounded.
The leopard gecko barely misses you.
You hit the leopard gecko.
You kill the leopard gecko!
Trog accepts your kill.
You butcher the leopard gecko corpse.
d - 7 chunks of flesh (gained 1)
You see here a leopard gecko skeleton. x2
Some of the chunks of flesh in your inventory have rotted away.
c - 6 rations (gained 1)
There is a stone staircase leading up here.
Things that are here:
a +0 dagger; a +0 hunting sling; 13 stones A giant cockroach comes into view.
A giant cockroach is nearby!
The giant cockroach bites you but does no damage.
You hit the giant cockroach but do no damage.
The giant cockroach misses you.
You hit the giant cockroach.
The giant cockroach is severely wounded.
The giant cockroach barely misses you.
The giant cockroach bites you but does no damage.
You closely miss the giant cockroach.
The giant cockroach is heavily wounded.
The giant cockroach barely misses you.
You barely miss the giant cockroach.
The giant cockroach is heavily wounded.
The giant cockroach bites you but does no damage.
You hit the giant cockroach.
The giant cockroach is severely wounded.
The giant cockroach barely misses you. x2
You barely miss the giant cockroach.
The giant cockroach is severely wounded.
The giant cockroach bites you.
You barely miss the giant cockroach.
The giant cockroach is severely wounded.
The giant cockroach barely misses you.
The giant cockroach bites you but does no damage.
You barely miss the giant cockroach.
The giant cockroach is severely wounded.
The giant cockroach bites you but does no damage.
You sock the giant cockroach!
You kill the giant cockroach!
Trog accepts your kill.
No target in view!
Found a stone staircase leading down.
There is a stone staircase leading down here.
Found a long sword.
You see here a long sword.
You see here a mace.
You see here a +0 short sword.
c - 7 rations (gained 1)
You open the door.
Found a glowing hat.
As you open the door, it creaks loudly!
A bat comes into view.
The bat closely misses you.
You completely miss the bat. The bat hits you but does no damage.
The bat hits you but does no damage.
You hit the bat.
You kill the bat!
Trog accepts your kill.
No target in view!
There is an open door here.
You see here a glowing hat.
o - a glowing hat You start putting on your armour.
You continue putting on your glowing hat. x4
Some of the chunks of flesh in your inventory have rotted away.
You finish putting on your +2 hat.
A dart slug comes into view.
There is an open door here.
The dart slug bites you but does no damage.
You completely miss the dart slug. The dart slug misses you.
You hit the dart slug.
The dart slug is moderately wounded.
The dart slug barely misses you.
You hit the dart slug.
The dart slug is heavily wounded.
The dart slug closely misses you.
You sock the dart slug!
You kill the dart slug!
Trog accepts your kill.
No target in view!
You butcher the dart slug corpse.
d - 2 chunks of flesh (gained 1)
You butcher the bat corpse.
d - 3 chunks of flesh (gained 1)
You see here a bat skeleton. x2
You open the door.
There is an open door here.
You open the door.
An adder comes into view.
The adder hisses angrily.
The adder bites you but does no damage. The adder misses you.
There is an open door here.
You hit the adder.
The adder is moderately wounded.
The adder closely misses you.
You closely miss the adder.
The adder is moderately wounded.
The adder closely misses you. The adder completely misses you.
You miss the adder.
The adder is moderately wounded.
The adder misses you.
You sock the adder!
The adder is almost dead.
The adder closely misses you. The adder bites you but does no damage.
You miss the adder.
The adder is almost dead.
The adder bites you but does no damage.
You hit the adder.
You kill the adder!
Trog accepts your kill.
You butcher the adder corpse.
d - 4 chunks of flesh (gained 1)
You see here an adder skeleton. x2
You open the door.
Eating one of 4 chunks of flesh.
You eat one of the 4 chunks of flesh.
This raw flesh tastes terrible.
There is an open door here.
Found a ring mail.
Saving game... please wait.
Welcome back, FessEmpty the Gargoyle Berserker.
Trog says: Kill them all!
Press ? for a list of commands and other information.
(D) Dungeon
Where to? (? - help)
What level of the Dungeon? (default 1, ? - help)
You open the door.
There is an open door here.
There is an open door here.
There is a stone staircase leading up here.
You climb upwards.
There is a stone staircase leading down here.
There is a staircase leading out of the dungeon here.
Are you sure you want to leave the Dungeon?
This will make you lose the game!
You have escaped!

.##...#.....≈...#...≈.....#.# #)#
.##...#..#...≈.(#..≈...#....# #.#
#####.....#..≈..#..≈..#.....# #.#
...........#..≈.#.≈..#......# #.#
...#....≈...#.≈.#.≈.#...≈...# #.#
...#.....≈≈..#.≈.≈.#..≈§§...# #.#
...#.......≈≈.#...#.≈≈......# #.#
...#....(....≈.....≈........###.#
...#...######...@...######......#
...#.........≈.....≈...§.....####
...#.......≈≈.#...#.≈§§......#
...#.....≈≈..#.≈.≈.#..≈§.....#
...#....≈...#.≈.#.≈.#§§§≈....#
...#.......#..≈.#.≈..#.......#
...#......#..§§.#..≈..#......#
####.....#.§.§§.#..≈...#.....#
)....#.....§≈...#...≈......#.#


There were no monsters in sight!

Vanquished Creatures
  3 adders (D:2)
  An ooze (D:1)
  5 dart slugs
  4 leopard geckos
  6 giant cockroaches
  6 goblins
  5 hobgoblins
  4 jackals (D:2)
  3 ball pythons
  5 bats
  2 frilled lizards (D:1)
  8 kobolds
  A leopard gecko skeleton (D:2)
  6 rats
59 creatures vanquished.

Notes
Turn   | Place    | Note
-------+----------+-------------------------------------------
     0 | D:1      | FessEmpty the Gargoyle Berserker began the quest for the
                  | Orb.
     0 | D:1      | Reached XP level 1. HP: 14/14 MP: 1/1
   227 | D:1      | Reached XP level 2. HP: 12/19 MP: 2/2
   458 | D:1      | Reached XP level 3. HP: 15/23 MP: 3/3
  1050 | D:2      | Reached ** piety under Trog
  1195 | D:2      | Reached XP level 4. HP: 19/29 MP: 4/4
  1243 | D:2      | Reached skill level 4 in Fighting
  1359 | D:2      | Found an iron altar of Okawaru.
  1396 | D:2      | Found a burning altar of Makhleb.
  1651 | D:2      | Found a shattered altar of Ashenzari.
  1966 | D:$      | Got out of the dungeon alive.

Levels and vault maps discovered:
D:1:      minmay_arrival_radiant_lines, layout_basic, minmay_ruptured
D:2:      minmay_door_path, layout_loops_cross, lemuel_doored_altar,
          okawaru_trees_2, lemuel_round_altar, st_stairs_13, kennysheep_donut

Skill      XL: |  1  2  3  4 |
---------------+-------------+-----
Dodging        | 2 |  2.0
Armour         | 3 |  3.3
Fighting       | 4 |  4.2
Maces & Flails | |  3.8

Action                   |  1- 3 |  4- 6 || total
-------------------------+-------+-------++-------
Melee: Mace              |   106 |    80 ||   186
 Stab: Sleeping          |     1 |       ||     1
  Eat: Chunk             |     1 |     3 ||     4
Armor: Animal skin       |    40 |    38 ||    78
Dodge: Dodged            |    96 |    58 ||   154

Table legend:
 A = Non-vault XP
 B = Vault XP
 C = Vault XP percentage of total XP
 D = Non-vault monster count
 E = Vault monster count
 F = Vault count percentage of total count
                 A         B        C        D         E       F
            +---------+---------+-------+---------+---------+-------
      Total |     124 |      27 |  17.9 |      53 |       6 |  10.2
            +---------+---------+-------+---------+---------+-------
        D:1 |      55 |       5 |   8.3 |      29 |       2 |   6.5
        D:2 |      69 |      22 |  24.2 |      24 |       4 |  14.3
            +---------+---------+-------+---------+---------+-------
